 Dungeon Sprint DCSS version 0.28-a0-313-gbc0475efdd (webtiles) character file.

Game seed: 280317250561219216

4731 Ankalagon the Blocker (level 10, -5/68 HPs)
             Began as a Gargoyle Fighter on Aug 31, 2021.
             Was the Champion of Zin.
             Slain by a yaktaur captain (16 damage)
             ... in the Dungeon (Sprint II: "The Violet Keep of Menkaure").
             The game lasted 00:08:21 (1701 turns).

Ankalagon the Blocker (Gargoyle Fighter)            Turns: 1701, Time: 00:08:22

Health: -5/68      AC: 19    Str: 21    XL:     10   Next: 46%
Magic:  14/14      EV:  7    Int:  8    God:    Zin [******]
Gold:   52         SH: 12    Dex: 10    Spells: 9/9 levels left

rFire   . . .      SeeInvis .   d - +2 eveningstar (flame)
rCold   + . .      Faith    .   c - +0 kite shield
rNeg    + . .      Spirit   .   i - +0 chain mail "Panohe" {rC+}
rPois   ∞          Reflect  .   (no helmet)
rElec   +          Harm     .   n - scarf {shadows}
rCorr   +          Rampage  .   (no gloves)
Will    .....      NoTele   +   g - +2 pair of boots "Daidafin" {rPois Str+2}
Stlth   ..........              (no amulet)
HPRegen 0.21/turn               s - ring of resist corrosion
MPRegen 0.14/turn               (no ring)

@: no status effects
A: sickness immunity, AC +7, negative energy resistance 1, electricity
resistance, torment resistance 1, petrification resistance, clumsy 1, frail 1,
low mp 1, weak 1
a: Renounce Religion, Recite, Vitalisation, Imprison, Sanctuary, Donate Gold


You were in the Dungeon.
You worshipped Zin.
Zin was exalted by your worship.
You visited 1 branch You collected 1235 gold pieces.
You spent 1174 gold pieces at shops.
You donated 9 gold pieces to Zin.

Inventory:

Hand Weapons
 a - a +0 flail
 d - a +2 eveningstar of flaming (weapon)
Armour
 b - a +0 scale mail
 c - a +0 kite shield (worn)
 g - the +2 pair of boots "Daidafin" (worn) {rPois Str+2}
   (You bought it in a shop in the Dungeon)

   Str:       It affects your strength (+2).
   rPois:     It protects you from poison.
 i - the +0 chain mail "Panohe" (worn) {rC+}
   (You bought it in a shop in the Dungeon)

   rC:        It protects you from cold.
 n - a scarf of shadows (worn)
Jewellery
 s - a ring of resist corrosion (left hand)
Scrolls
 j - 2 scrolls of blinking
 k - a scroll of summoning {unknown}
 l - a scroll of acquirement {unknown}
 m - 6 scrolls of fear
 o - a scroll of identify
 q - 2 scrolls of vulnerability
 t - a scroll of magic mapping {unknown}
Potions
 e - a potion of curing
 f - 2 potions of heal wounds
 h - 5 potions of magic
 p - 3 potions of resistance
 r - 3 potions of flight


   Skills:
 + Level 14.5 Fighting
 + Level 13.3 Maces & Flails
 - Level 3.2 Armour
 + Level 14.6 Shields
 + Level 7.6 Invocations


You had 9 spell levels left.
You didn't know any spells.
Your spell library was empty.

Dungeon Overview and Level Annotations

Branches:
Dungeon (1/1)

Altars:
Cheibriados
Dithmenos
Elyvilon
Fedhas
Gozag
Hepliaklqana
Kikubaaqudgha
Makhleb
Nemelex Xobeh
Okawaru
Qazlal
Ru
Sif Muna
Trog
Uskayaw
Vehumet
Wu Jian
Xom
Yredelemnul
Zin
The Shining One
Beogh
Jiyva
Lugonu

Shops:
D ::!![!([=!*(?=[

Annotations:
D exclusions: iron elemental, oklob plant and orange crystal statue, Kirke


Innate Abilities, Weirdness & Mutations

You are immune to sickness and miasma.
Your stone body is resilient. (AC +7)
You are immune to poison.
You resist negative energy. (rN+)
You are resistant to electric shocks. (rElec)
You are resistant to unholy torment.
You are immune to petrification.
You are clumsy. (Dex -2)
You are frail. (-10% HP)
Your magical capacity is low. (-10% MP)
You are weak. (Str -2)


Message History

There is an open door, spattered with blood here.
There is an entrance to Haackar's Magic Scroll Shop here.
There is an entrance to Ynwy's Distillery here.
Unknown command.
The wyvern hisses angrily.
There is an open door, spattered with blood here.
You enter the shallow water.
Moving in this stuff is going to be slow.
Okay, then.
A yaktaur captain and Kirke come into view.
Kirke shouts!
The yaktaur captain wields a +0 arbalest.
The yaktaur captain shoots a bolt.
You block the bolt.
The yaktaur captain shoots a bolt.
The bolt hits you!
Kirke moves out of view.
A kobold demonologist comes into view. It is wielding a +0 dagger.
Unknown command.
The kobold demonologist moves out of view.
The yaktaur captain shoots a bolt.
The bolt barely misses you.
The yaktaur captain shoots a bolt.
The bolt hits you but does no damage.
The yaktaur captain shoots a bolt.
The bolt hits you!!!
Ouch! That really hurt!
* * * LOW HITPOINT WARNING * * *
The yaktaur captain shoots a bolt.
The bolt hits you.
* * * LOW HITPOINT WARNING * * *
The yaktaur captain shoots a bolt.
You block the bolt.
There is an open door here.
There is an open door here.
You close the door.
There is an open door here.
As you close the door, it creaks loudly!
You start resting.
Something unseen opens the door.
A yaktaur captain opens the door.
A centaur warrior comes into view.
The yaktaur captain unwields a +0 arbalest.
The yaktaur captain hits you but does no damage.
There is an open door here.
You sock the yaktaur captain! You burn the yaktaur captain.
The yaktaur captain is lightly wounded.
The yaktaur captain hits you!
You die...

K#### §≈§§§≈ ...### #. ..≈##
§§§≈§≈ .^..# #.
##########≈≈#+++#+++## ...# ##
#########≈@≈.........# ..# .#
∩.......#c≈≈≈.##c##..# ####.# .#
.∩.....∩#≈≈≈≈##.# ##.####..†^##.#
..∩...∩.#≈≈≈≈#..## #....#[.#...##
.∩.∩.∩.∩#≈≈####..# ###..#####..##
..∩.∩.∩.#≈##.###@###.##..#E$+..#.
...∩.∩..#≈#..###c##...#..# #..#.
....⌠...'≈'##.+.<.'.##'..####..##
........#≈#..###.##...#....###...
▓▓▓▓▓▓###≈##.###'###.##......≈)≈≈
llZ######≈≈####...####≈≈.....≈#'#


$ll#s ##≈≈≈#..##.#≈≈≈≈≈≈≈..≈#.. ∩PZ+$ #'#≈####.##≈≈≈≈≈≈≈≈.≈#._ )$. (
#(#≈≈##'##≈≈≈≈≈≈≈≈≈≈≈#_. You could see a yaktaur captain.

Vanquished Creatures
  A crystal guardian (D)
  2 death drakes (D)
  A yaktaur (D)
  3 polar bears (D)
  A hornet (D)
  2 wyverns (D)
  4 neqoxecs (D)
  A vampire mosquito (D)
  4 water moccasins (D)
  2 swamp drakes (D)
  4 necrophages (D)
  4 scorpions (D)
  2 worms (D)
31 creatures vanquished.

Vanquished Creatures (others)
  Menkaure (D)
  A water moccasin (D)
  12 tentacles (D)
14 creatures vanquished.

Grand Total: 45 creatures vanquished

Notes
Turn   | Place    | Note
-------+----------+-------------------------------------------
     0 | D        | Ankalagon the Gargoyle Fighter began the quest for the Orb.
     0 | D        | Reached XP level 1. HP: 14/14 MP: 1/1
     4 | D        | Noticed a necrophage
     4 | D        | Noticed a necrophage
     4 | D        | Noticed a necrophage
     4 | D        | Noticed a necrophage
    10 | D        | Killed a necrophage
    11 | D        | Reached skill level 5 in Maces & Flails
    11 | D        | Reached XP level 2. HP: 22/22 MP: 2/2
    11 | D        | Reached XP level 3. HP: 27/27 MP: 3/3
    11 | D        | Reached XP level 4. HP: 32/32 MP: 4/4
    12 | D        | Killed a necrophage
    13 | D        | Reached XP level 5. HP: 38/38 MP: 5/5
    16 | D        | Killed a necrophage
    17 | D        | Reached XP level 6. HP: 45/45 MP: 6/6
    20 | D        | Killed a necrophage
    20 | D        | Killed Menkaure
    28 | D        | Noticed a neqoxec
    28 | D        | Noticed a neqoxec
    28 | D        | Noticed a neqoxec
    28 | D        | Noticed a neqoxec
    36 | D        | Gained mutation: You are frail. (-10% HP) [a neqoxec]
    38 | D        | Killed a neqoxec
    38 | D        | Gained mutation: Your magical capacity is low. (-10% MP) [a
                  | neqoxec]
    39 | D        | Reached XP level 7. HP: 32/46 MP: 6/6
    41 | D        | Gained mutation: You are weak. (Str -2) [a neqoxec]
    42 | D        | Gained mutation: You are clumsy. (Dex -2) [a neqoxec]
    44 | D        | Killed a neqoxec
    45 | D        | Reached skill level 10 in Fighting
    45 | D        | Reached skill level 10 in Shields
    46 | D        | Killed a neqoxec
    50 | D        | Killed a neqoxec
    51 | D        | Reached skill level 10 in Maces & Flails
    51 | D        | Reached XP level 8. HP: 32/54 MP: 7/7
   200 | D        | Found Haackar's Magic Scroll Shop.
   200 | D        | Found Sulisoit's Jewellery Boutique.
   200 | D        | Found Sausest's Armour Shop.
   200 | D        | Found Ynwy's Distillery.
   200 | D        | Found Isideilu's Antique Weapon Boutique.
   200 | D        | Found Talucu's Jewellery Boutique.
   201 | D        | Found Qoskib's Assorted Antiques.
   201 | D        | Found Safofoon's Antique Armour Boutique.
   201 | D        | Found Lasi's Antique Weapon Shop.
   202 | D        | Found Soupu's Distillery.
   202 | D        | Found Lautonatu's Antique Armour Boutique.
   204 | D        | Found Dapa's Distillery.
   204 | D        | Found Xosawomn's Distillery.
   204 | D        | Noticed an oklob plant
   205 | D        | Found Korghud's Book Shoppe.
   205 | D        | Found Daumufo's Book Boutique.
   305 | D        | Noticed a wyvern
   305 | D        | Noticed a wyvern
   305 | D        | Noticed a wyvern
   315 | D        | Noticed a redback
   334 | D        | Bought a glowing eveningstar for 414 gold pieces
   341 | D        | Bought a pair of ancient boots for 209 gold pieces
   341 | D        | Identified the +2 pair of boots "Daidafin" {rPois Str+2}
                  | (You bought it in a shop in the Dungeon)
   341 | D        | Bought a bronze chain mail for 209 gold pieces
   341 | D        | Identified the +0 chain mail "Panohe" {rC+} (You bought it
                  | in a shop in the Dungeon)
   344 | D        | Bought a potion of heal wounds for 65 gold pieces
   344 | D        | Bought a potion of berserk rage for 65 gold pieces
   394 | D        | Found a stormy altar of Qazlal.
   395 | D        | Found a hazy altar of Hepliaklqana.
   395 | D        | Found a sacrificial altar of Ru.
   396 | D        | Found a viscous altar of Jiyva.
   396 | D        | Found an ornate altar of the Wu Jian Council.
   396 | D        | Found a shimmering blue altar of Sif Muna.
   397 | D        | Found a snail-covered altar of Cheibriados.
   397 | D        | Found an ancient bone altar of Kikubaaqudgha.
   397 | D        | Found a shimmering altar of Xom.
   397 | D        | Found a bloodstained altar of Trog.
   398 | D        | Found a shadowy altar of Dithmenos.
   398 | D        | Found a corrupted altar of Lugonu.
   398 | D        | Found a glowing golden altar of the Shining One.
   398 | D        | Found a basalt altar of Yredelemnul.
   398 | D        | Found a hide-covered altar of Uskayaw.
   399 | D        | Found a white marble altar of Elyvilon.
   399 | D        | Found a burning altar of Makhleb.
   400 | D        | Found a blossoming altar of Fedhas.
   401 | D        | Noticed a polar bear
   402 | D        | Found an opulent altar of Gozag.
   402 | D        | Found a sparkling altar of Nemelex Xobeh.
   402 | D        | Noticed a hornet
   402 | D        | Noticed a polar bear
   403 | D        | Found a glowing silver altar of Zin.
   403 | D        | Found a radiant altar of Vehumet.
   403 | D        | Found an iron altar of Okawaru.
   403 | D        | Noticed a yaktaur
   403 | D        | Noticed a polar bear
   412 | D        | Became a worshipper of Zin the Law-Giver
   416 | D        | Noticed a flying skull
   416 | D        | Noticed a flying skull
   424 | D        | Killed a polar bear
   428 | D        | Killed a polar bear
   429 | D        | Reached XP level 9. HP: 59/59 MP: 8/8
   431 | D        | Killed a polar bear
   470 | D        | Killed a yaktaur
   471 | D        | Reached skill level 1 in Invocations
   473 | D        | Killed a hornet
   475 | D        | Reached * piety under Zin
   475 | D        | Reached ** piety under Zin
   475 | D        | Reached *** piety under Zin
   475 | D        | Reached **** piety under Zin
   475 | D        | Reached ***** piety under Zin
   475 | D        | Reached ****** piety under Zin
   483 | D        | Noticed an iron elemental
   494 | D        | Noticed a kraken
  1045 | D        | Noticed a crystal guardian
  1047 | D        | Noticed a death drake
  1058 | D        | Zin protects you from harm!
  1077 | D        | Killed a crystal guardian
  1078 | D        | Reached skill level 5 in Invocations
  1078 | D        | Reached XP level 10. HP: 30/66 MP: 10/12
  1083 | D        | Killed a death drake
  1091 | D        | Noticed a death drake
  1099 | D        | Killed a death drake
  1371 | D        | Bought a glowing scarf for 152 gold pieces
  1377 | D        | Bought a potion of heal wounds for 60 gold pieces
  1632 | D        | Noticed an orange crystal statue
  1678 | D        | Noticed Kirke
  1678 | D        | Noticed a yaktaur captain
  1679 | D        | Noticed a kobold demonologist
  1699 | D        | Noticed a centaur warrior
  1701 | D        | Slain by a yaktaur captain

Illustrated notes

Levels and vault maps discovered:
D:        the_violet_keep_of_menkaure [sprint2_stairs_cluster_1,
          sprint2_shoproom, sprint2_temple, sprint2_basic_supplies,
          sprint2_obstacle_7, sprint2_obstacle_5, sprint2_obstacle_4,
          sprint2_obstacle_2, sprint2_obstacle_1, sprint2_timed_cluster_1,
          sprint2_smallroom_cluster_1, sprint2_smallroom_final_cluster_1,
          sprint2_transparent_cluster_1, sprint2_second_timed_cluster_1,
          sprint2_sniper_area_1, sprint2_heavy_combat_area_1,
          sprint2_mutation_trap_area_1, sprint2_forest_area_1,
          sprint2_light_combat_area_1, sprint2_behind_water_1,
          sprint2_near_end_vault_1]

Skill      XL: |  1  2  3  4  5  6  7  8  9 10 |
---------------+-------------------------------+-----
Fighting       | 6 7 8 9 11 12 13 14 | 14.5
Maces & Flails | 5 6 7 8 10 11 12 13 | 13.3
Shields        | 6 7 8 9 11 12 13 14 | 14.6
Invocations    | 5 7 |  7.6
Armour         | |  3.2

Action                   |  1- 3 |  4- 6 |  7- 9 | 10-12 || total
-------------------------+-------+-------+-------+-------++-------
Melee: Flail             |     4 |    18 |    47 |       ||    69
       Eveningstar       |       |       |    48 |    27 ||    75
Invok: Vitalisation      |       |       |     1 |       ||     1
  Use: Potion            |     1 |     2 |     5 |       ||     8
       Scroll            |       |       |     5 |       ||     5
Armor: Scale mail        |     2 |     4 |    11 |       ||    17
       Chain mail        |       |       |    33 |    12 ||    45
Dodge: Dodged            |       |     1 |    27 |     5 ||    33
Block: Kite shield       |     1 |     5 |    48 |    15 ||    69

Table legend: (Time is in decaauts)
 A = Elapsed time spent in this place.
 B = Non-inter-level travel time spent in this place.
 C = Inter-level travel time spent in this place.
 D = Time resting spent in this place.
 E = Time spent auto-exploring this place.
 F = Levels seen in this place.
 G = Mean time per level.
                   A        B        C        D        E       F      G
               +--------+--------+--------+--------+--------+-----+--------+
         Total |   1773 |   1727 |     46 |    860 |     99 |   1 | 1773.0 |
       Dungeon |   1773 |   1727 |     46 |    860 |     99 |   1 | 1773.0 |
               +--------+--------+--------+--------+--------+-----+--------+

Top non-repeatable levels by time:
       D: 1773 daAuts
